 Dungeon Crawl Stone Soup version 0.30.0-29-ga12c61a403 (webtiles) character file.

Game seed: 10154370350262420332

272 Daunt the Conjurer (level 6, 0/44 HPs)
             Began as a Gnoll Conjurer on June 16, 2023.
             Engulfed by a steam dragon's steam (11 damage)
             ... on level 3 of the Dungeon.
             The game lasted 00:11:55 (3440 turns).

Daunt the Conjurer (Gnoll Conjurer)                 Turns: 3440, Time: 00:11:55

Health: 0/44       AC:  4    Str:  6    XL:     6   Next: 23%
Magic:  1/14       EV: 12    Int: 18    God:
Gold:   100        SH:  0    Dex: 12    Spells: 8/15 levels left

rFire   . . .        e - +0 short sword
rCold   . . .        (no shield)
rNeg    . . .        y - +0 leather armour
rPois   .            i - +0 hat
rElec   .            (no cloak)
rCorr   .            f - +0 pair of gloves
SInv    .            (no boots)
Will    .....        (no amulet)
Stlth   ++           (no ring)
HPRegen 0.27/turn    (no ring)
MPRegen 0.14/turn

%: no passive effects
@: no status effects
A: fangs 1, strong nose, distributed training
a: no special abilities


You were on level 3 of the Dungeon.
You visited 1 branch of the dungeon, and saw 4 of its levels.

You collected 210 gold pieces.
You spent 110 gold pieces at shops.

Inventory:

Hand Weapons
 e - a +0 short sword (weapon)
Missiles
 g - 25 stones
 C - 6 boomerangs
 D - 2 poisoned darts
Armour
 a - a +0 robe
 f - a +0 pair of gloves (worn)
 i - a +0 hat (worn)
 y - a +0 leather armour (worn)
Scrolls
 d - a scroll of enchant armour {unknown}
 j - 2 scrolls of immolation {unknown}
 k - a scroll of identify {unknown}
 p - a scroll of magic mapping {unknown}
 q - a scroll of silence {unknown}
 r - 2 scrolls of vulnerability {unknown}
 s - a scroll of acquirement {unknown}
 u - 2 scrolls of noise
 v - 2 scrolls of fog {unknown}
 w - a scroll of poison {unknown}
 x - 7 scrolls of teleportation
 B - a scroll of blinking {unknown}
 E - a scroll of fear {unknown}
Potions
 b - a potion of magic
 c - 2 potions of heal wounds {unknown}
 h - 4 potions of curing {unknown}
 l - 2 potions of berserk rage {unknown}
 m - 2 potions of haste {unknown}
 n - a potion of invisibility {unknown}
 o - a potion of flight {unknown}
 t - 3 potions of might {unknown}
 z - a potion of lignification {unknown}
 A - 3 potions of mutation {unknown}
 F - a potion of brilliance {unknown}
 G - a potion of attraction {unknown}
 H - a potion of resistance {unknown}


   Skills:
 + Level 2.0 Fighting
 + Level 2.0 Short Blades
 + Level 2.0 Long Blades
 + Level 2.0 Axes
 + Level 2.0 Maces & Flails
 + Level 2.0 Polearms
 + Level 2.0 Staves
 + Level 2.0 Ranged Weapons
 + Level 2.0 Throwing
 + Level 2.0 Armour
 + Level 5.0 Dodging
 + Level 4.6 Stealth
 + Level 2.0 Shields
 + Level 2.0 Unarmed Combat
 + Level 5.3 Spellcasting
 + Level 7.3 Conjurations
 + Level 1.5 Hexes
 + Level 1.5 Summonings
 + Level 1.5 Necromancy
 + Level 1.5 Translocations
 + Level 1.5 Transmutations
 + Level 1.5 Fire Magic
 + Level 1.5 Ice Magic
 + Level 1.5 Air Magic
 + Level 1.5 Earth Magic
 + Level 1.5 Poison Magic
 + Level 2.1 Invocations
 + Level 2.0 Evocations


You had 8 spell levels left.
You knew the following spells:

 Your Spells              Type           Power      Damage    Failure   Level
a - Magic Dart            Conj           100%       1d8       1%          1
b - Searing Ray           Conj           62%        2d6       1%          2
f - Fulminant Prism       Conj/Hex       10%        3d8       30%         4

Your spell library contained the following spells:

 Spells                   Type           Power      Damage    Failure   Level
 Dazzling Flash           Conj/Hex       40%        N/A       10%         3
 Iskenderun's Mystic Bla  Conj/Tloc      20%        2d6       30%         4
 Agony                    Necr           10%        N/A       96%         5
 Silence                  Hex/Air        5%         N/A       96%         5


Dungeon Overview and Level Annotations

Branches:
Dungeon (4/15)
 Temple: D:4-7

Altars:
Makhleb
Yredelemnul

Shops:
D:2 *

Annotations:
D:3 3 runed translucent doors, Blight's ghost, amateur DjSu


Innate Abilities, Weirdness & Mutations

You have very sharp teeth.
Your uncanny sense of smell can sniff out nearby items.
Your experience applies equally to all skills.


Message History

Unknown command.
You closely miss the steam dragon.
The steam dragon is almost dead.
The steam dragon closely misses you. The steam dragon claws you.
Unknown command.
Unknown command.
Unknown command.
You aren't carrying any items that you can evoke.
Unknown command.
Unknown command.
You aren't carrying any items that you can evoke.
You don't have enough magic to cast this spell.
Throw: 3 darts (poison)
Press: ? - help, Shift-Dir - straight line, f - steam dragon
Aim: a steam dragon (almost dead, 59% to hit)
You throw a poisoned dart.
The poisoned dart barely misses the steam dragon.
The steam dragon breathes steam at you. The ball of steam hits you!
* * * LOW HITPOINT WARNING * * *
Unknown command.
Unknown command.
Unknown command.
The steam dragon attacks as you move away!
The steam dragon bites you but does no damage.
The steam dragon misses you.
Unknown command.
You barely miss the steam dragon.
The steam dragon is almost dead.
The steam dragon breathes steam at you. The ball of steam misses you.
Unknown command.
Unknown command.
Unknown command.
Unknown command.
You hit the steam dragon but do no damage.
You bite the steam dragon, but do no damage.
The steam dragon is almost dead.
You are engulfed in a cloud of scalding steam.
You die...

##..#..# #.###....###.#######
##'###'#######...................
.'.....'..##............#.#######
.#.....#..##.#########..#.#######
##.....#####.###§## #..#........
.#.....#..##.##.#§####..########.
.#.....#..#....###§.§...# #>
####'####'#....§#D§(§..## #.
...........#.###@####..# #.
.............# #§§####.#########.
.............#####...#........###
####'####'##.....#._)#.######.#
.#.....#..########...#.# #.#
.#.....#..# #≈§≈#.# #.###
##.....#### #...#^# #....
.#.....#..# #._.#.# #####
.'.....'..# #...#.#


You could see a steam dragon (catching breath).

Vanquished Creatures
  A hound (D:4)
  Natasha (thrice) (D:3)
  8 adders
  4 worms
  2 dart slugs
  2 orcs (D:4)
  2 bats
  6 endoplasms
  A giant cockroach (D:1)
  2 goblins
  6 hobgoblins
  4 jackals (D:2)
  10 kobolds
  4 quokkas
  16 ball pythons
  5 frilled lizards
  5 rats
81 creatures vanquished.

Vanquished Creatures (others)
  2 fulminant prisms (D:4)
2 creatures vanquished.

Grand Total: 83 creatures vanquished

Notes
Turn   | Place    | Note
-------+----------+-------------------------------------------
     0 | D:1      | Daunt the Gnoll Conjurer began the quest for the Orb.
     0 | D:1      | Reached XP level 1. HP: 13/13 MP: 6/6
   209 | D:1      | Reached XP level 2. HP: 19/19 MP: 3/7
   334 | D:1      | Learned a level 2 spell: Searing Ray
   760 | D:1      | Reached skill level 5 in Spellcasting
   760 | D:1      | Reached XP level 3. HP: 25/25 MP: 6/9
  1185 | D:2      | Reached skill level 1 in Invocations
  1229 | D:2      | Reached skill level 1 in Fighting
  1229 | D:2      | Reached skill level 1 in Short Blades
  1229 | D:2      | Reached skill level 1 in Long Blades
  1229 | D:2      | Reached skill level 1 in Axes
  1229 | D:2      | Reached skill level 1 in Maces & Flails
  1229 | D:2      | Reached skill level 1 in Polearms
  1229 | D:2      | Reached skill level 1 in Staves
  1229 | D:2      | Reached skill level 1 in Ranged Weapons
  1229 | D:2      | Reached skill level 1 in Throwing
  1229 | D:2      | Reached skill level 1 in Armour
  1229 | D:2      | Reached skill level 1 in Shields
  1229 | D:2      | Reached skill level 1 in Unarmed Combat
  1229 | D:2      | Reached skill level 1 in Evocations
  1421 | D:2      | Reached XP level 4. HP: 32/32 MP: 4/11
  1559 | D:2      | Found Siownugh's Assorted Antiques.
  1594 | D:2      | Bought a scroll labelled NABECV NUINN for 19 gold pieces
  1594 | D:2      | Bought 2 lumpy blue potions for 34 gold pieces
  1594 | D:2      | Bought a scroll labelled FUUM XAOTEOXTE for 19 gold pieces
  1594 | D:2      | Bought a scroll labelled INIHICWUAPNU for 19 gold pieces
  1594 | D:2      | Bought a scroll labelled OPEPTU BESENIR for 19 gold pieces
  1828 | D:2      | Reached skill level 1 in Hexes
  1828 | D:2      | Reached skill level 1 in Summonings
  1828 | D:2      | Reached skill level 1 in Necromancy
  1828 | D:2      | Reached skill level 1 in Translocations
  1828 | D:2      | Reached skill level 1 in Transmutations
  1828 | D:2      | Reached skill level 1 in Fire Magic
  1828 | D:2      | Reached skill level 1 in Ice Magic
  1828 | D:2      | Reached skill level 1 in Air Magic
  1828 | D:2      | Reached skill level 1 in Earth Magic
  1828 | D:2      | Reached skill level 1 in Poison Magic
  2107 | D:3      | Noticed Natasha
  2111 | D:3      | Killed Natasha
  2151 | D:3      | Reached XP level 5. HP: 37/37 MP: 6/12
  2424 | D:3      | Found a burning altar of Makhleb.
  2425 | D:3      | Found a basalt altar of Yredelemnul.
  2484 | D:3      | Found a runed translucent gate.
  2485 | D:3      | Found a runed translucent gate.
  2487 | D:3      | Found a runed translucent gate.
  2837 | D:3      | Noticed Natasha
  2839 | D:3      | Killed Natasha
  2941 | D:3      | Noticed Blight's ghost (amateur DjSu)
  2981 | D:4      | Noticed a steam dragon
  3087 | D:3      | Noticed Natasha
  3093 | D:3      | Killed Natasha
  3094 | D:3      | Reached XP level 6. HP: 32/44 MP: 6/13
  3246 | D:4      | Reached skill level 5 in Dodging
  3421 | D:3      | Learned a level 4 spell: Fulminant Prism
  3440 | D:3      | Engulfed by a steam dragon's steam

Illustrated notes

Levels and vault maps discovered:
D:1:      heliophobic_arrival_dark_side_of_the_moon, layout_basic,
          chequers_serial_rivers_room_a
D:2:      layout_loops_ring, serial_shops, shop, mrwooster_statue_mirror
D:3:      layout_loops_ring, mainiacjoe_overflow_divided_tiny,
          biasface_ghost_orc_armoury, kennysheep_donut,
          small_statue_intersection, minmay_snake_closets, uniq_natasha
D:4:      layout_rooms, kennysheep_mini, serial_rivers,
          chequers_serial_rivers_room_a, chequers_serial_rivers_room_b,
          chequers_serial_rivers_micro_c, chequers_serial_rivers_large_b,
          chequers_serial_rivers_room_b, nicolae_shop_clearance

Skill      XL: |  1  2  3  4  5  6 |
---------------+-------------------+-----
Spellcasting   | 5 |  5.3
Invocations    | 1 2 |  2.1
Fighting       | 1 2 |  2.0
Short Blades   | 1 2 |  2.0
Long Blades    | 1 2 |  2.0
Axes           | 1 2 |  2.0
Maces & Flails | 1 2 |  2.0
Polearms       | 1 2 |  2.0
Staves         | 1 2 |  2.0
Ranged Weapons | 1 2 |  2.0
Throwing       | 1 2 |  2.0
Armour         | 1 2 |  2.0
Shields        | 1 2 |  2.0
Unarmed Combat | 1 2 |  2.0
Evocations     | 1 2 |  2.0
Hexes          | 1 |  1.5
Summonings     | 1 |  1.5
Necromancy     | 1 |  1.5
Translocations | 1 |  1.5
Transmutations | 1 |  1.5
Fire Magic     | 1 |  1.5
Ice Magic      | 1 |  1.5
Air Magic      | 1 |  1.5
Earth Magic    | 1 |  1.5
Poison Magic   | 1 |  1.5
Dodging        | 5 |  5.0
Stealth        | |  4.6
Conjurations   | |  7.3

Action                     |  1- 3 |  4- 6 || total
---------------------------+-------+-------++-------
  Melee: Short sword       |       |    15 ||    15
         Bite              |       |     2 ||     2
  Throw: Dart              |       |     1 ||     1
   Cast: Magic Dart        |    58 |    91 ||   149
         Searing Ray       |     2 |     5 ||     7
         Fulminant Prism   |       |     2 ||     2
    Use: Scroll            |       |     2 ||     2
 Armour: Leather armour    |       |     4 ||     4
  Dodge: Dodged            |     2 |    22 ||    24
